 Dungeon Crawl Stone Soup version 0.31-a0-16-g6d2539766c (webtiles) character file.

Game seed: 643008009872447956

58 ytrimaz the Insei (level 4, -1/42 HPs)
             Began as an Octopode Transmuter on May 8, 2023.
             Slain by an adder (2 damage)
             ... on level 3 of the Dungeon.
             The game lasted 00:02:08 (1690 turns).

ytrimaz the Insei (Octopode Transmuter)             Turns: 1690, Time: 00:02:09

Health: -1/42      AC: 22    Str:  9    XL:     4   Next: 2%
Magic:  8/8        EV:  2    Int: 17    God:
Gold:   60         SH:  0    Dex: 12    Spells: 2/8 levels left

rFire   . .          .
                       - Unarmed
rCold   . . .        (no shield)
rNeg    . . .        (helmet currently unavailable)
rPois   +            (no amulet)
rElec   .            (no ring)
rCorr   .            (no ring)
SInv    .            (no ring)
Will    .....        (no ring)
Stlth   +            (no ring)
HPRegen 0.27/turn    (no ring)
MPRegen 0.11/turn    (no ring)
                     (no ring)

%: no passive effects
@: lethally poisoned (-1 -> -3), tree-form
A: stationary, stasis, torment immunity, boosted hp, almost no armour,
(amphibious), 8 rings, (camouflage 1), (gelatinous body 1), (nimble swimmer 1),
(tentacles)
a: no special abilities


You were on level 3 of the Dungeon.
You were a tree.
You visited 1 branch of the dungeon, and saw 3 of its levels.

You collected 60 gold pieces.


Innate Abilities, Weirdness & Mutations

You are a tree.
Your roots penetrate the ground, keeping you stationary.
You cannot be teleported.
You are immune to unholy pain and torment.
Your maximum health is greatly increased.
You cannot wear most types of armour.
((You are amphibious.))
You can wear up to eight rings at the same time.
((Your skin changes colour to match your surroundings (Stealth+).))
((Your rubbery body absorbs attacks. (AC +1, EV +1)))
((You are camouflaged when in or above water. (Stealth+)))
((You have tentacles for arms and can constrict up to eight enemies at once.))


   Skills:
 - Level 1.0 Fighting
 - Level 2.5 Dodging
 - Level 3.0 Unarmed Combat
 + Level 2.7 Spellcasting
 + Level 2.9 Transmutations
 + Level 1.2 Poison Magic


You had 2 spell levels left.
You knew the following spells:

 Your Spells              Type           Power      Damage    Failure   Level
a - Beastly Appendage     Tmut           24%        N/A       5%          1
b - Wereblood             Tmut           12%        N/A       9%          2
c - Spider Form           Tmut/Pois      9%         N/A       22%         3

Your spell library contained the following spells:

 Spells                   Type           Power      Damage    Failure   Level
 Ozocubu's Armour         Ice            2%         N/A       47%         3
 Ice Form                 Ice/Tmut       7%         N/A       69%         4
 Metabolic Englaciation   Hex/Ice        1%         N/A       99%         5
 Simulacrum               Ice/Necr       1%         N/A       100%        6

Inventory:

Jewellery
 i - an amulet of faith
   (You found it on level 2 of the Dungeon)
Scrolls
 c - a scroll of magic mapping
 f - a scroll of torment {unknown}
 h - a scroll of teleportation {unknown}
 j - a scroll of poison {unknown}
 l - a scroll of identify
Potions
 b - a potion of cancellation {unknown}
 d - 2 potions of haste {unknown}
 e - 3 potions of curing {unknown}
 g - 2 potions of heal wounds {unknown}
 k - 3 potions of ambrosia {unknown}

Dungeon Overview and Level Annotations

Branches:
Dungeon (3/15) Zot: 16315

Altars:

Annotations:
D:3 Sigmund

.....####...<.....#
..................#
###....#.........#
#......#.........#
#.####..#.###.#####
#....#..#.# #.#
#..g..# ..#
#.##S### ## #.. #♣#
## #.@# ...# #...S
#..##. #..# .. ...#
.. #### ...


You could see Sigmund, 2 adders and a hobgoblin.


Message History

You see here a giant cockroach corpse.
You tentacle-slap the orc but do no damage.
Your grab misses the orc. The orc barely misses you.
You closely miss the orc. You grab the orc.
You constrict the orc, but do no damage.
The orc closely misses you. 😎 HP[+1]
Your hp is fully restored (23).
Unknown command.
You tentacle-slap the orc but do no damage.
You constrict the orc, but do no damage.
The orc hits you with a +0 mace. 😮 HP[-6]
You take 6 damage, and now have 17/23 hp.
MASSIVE DAMAGE!! (PAUSE)
You tentacle-slap the orc but do no damage.
You squeeze the orc, but do no damage. You constrict the orc.
The orc closely misses you.
An orc is nearby!
An orc is nearby!
You are too injured to fight recklessly!
You tentacle-slap the orc. Your squeeze misses the orc. You constrict the orc.
The orc hits you with a +0 mace. 😮 HP[-4]
You take 4 damage, and now have 13/23 hp.
Unknown command.
You barely miss the orc. You squeeze the orc, but do no damage.
You constrict the orc, but do no damage.
The orc barely misses you. 😮 HP[+1]
You are too injured to fight recklessly!
You tentacle-slap the orc but do no damage.
You constrict the orc. The orc barely misses you.
You are too injured to fight recklessly!
You tentacle-slap the orc but do no damage.
You squeeze the orc.
You kill the orc!
You have reached level 4! 😮 HP[+3] MP[+1]
You now have 28 max hp (+5).
You regained 3 hp, and now have 17/28 hp.
Your mp is fully restored (8).
Items here: ))) [[ †.
You are too injured to fight recklessly!
There is a stone staircase leading up here.
Key pressed, stopping explore.
An adder comes into view. 😎 HP[+11]
Your hp is fully restored (28).
Unknown command.
An adder is nearby!
An adder is nearby!
Unknown command.
The adder hisses angrily.
You hear an angry hiss.
You hear a shout! x2
The adder closely misses you.
You barely miss the adder. Your grab misses the adder. The adder bites you.
You are poisoned.
The adder poisons you! 😕 HP[-2]
You take 2 damage, and now have 26/28 hp.
You barely miss the adder. You grab the adder. You constrict the adder.
You feel sick. The adder misses you. 😕 HP[-2]
You take 2 damage, and now have 24/28 hp.
You tentacle-slap the adder. You constrict the adder.
You feel sick. The adder closely misses you.
A hobgoblin comes into view.
Sigmund the Dreaded comes into view.
He is wielding a +0 scythe.
The adder misses you.
You barely miss the adder.
Your tentacle-slap misses the adder.
You constrict the adder.
You feel sick. The adder bites you.
You are more poisoned.
The adder poisons you!
You tentacle-slap the adder. You constrict the adder.
You feel sick. The adder bites you.
* * * LOW HITPOINT WARNING * * *
😨 HP[-10]
You take 10 damage, and now have 14/28 hp.
MASSIVE DAMAGE!! (PAUSE)
Okay, then.
You release your grip on the adder.
You feel sick.
An adder comes into view.
The adder bites you.
* * * LOW HITPOINT WARNING * * *
😨 HP[-2]
You take 2 damage, and now have 12/28 hp.
You feel sick. Sigmund barely misses you. The adder closely misses you.
Okay, then.
You feel sick. Sigmund hits you with a +0 scythe!
* * * LOW HITPOINT WARNING * * *
😱 HP[-11]
You take 11 damage, and now have 1/28 hp.
MASSIVE DAMAGE!! (PAUSE) Really quaff the potion of lignification?
You turn into a tree.
Your roots penetrate the ground.
* * * LOW HITPOINT WARNING * * *
You feel sick.
The adder hisses angrily.
The adder bites you.
You die...

Skill      XL: |  1  2  3 |
---------------+----------+-----
Poison Magic   | 1 |  1.2
Fighting       | |  1.0
Dodging        | |  2.5
Unarmed Combat | |  3.0
Spellcasting   | |  2.7
Transmutations | |  2.9

Action                     |  1- 3 |  4- 6 || total
---------------------------+-------+-------++-------
  Melee: Unarmed           |   107 |     5 ||   112
         Constrict         |    29 |     1 ||    30
         Kick              |    10 |       ||    10
         Tentacles         |    17 |       ||    17
         Punch             |     2 |       ||     2
   Cast: Beastly Appendage |    10 |       ||    10
    Use: Scroll            |     2 |       ||     2
         Potion            |       |     1 ||     1
   Stab: Sleeping          |     4 |       ||     4
 Armour: Skin              |    12 |       ||    12
  Dodge: Dodged            |    57 |     6 ||    63

Levels and vault maps discovered:
D:1:      roderic_chinese_lattice_arrival, layout_loops_ring
D:2:      layout_basic, minmay_pentomino_r2
D:3:      layout_rooms, grunt_temple_overflow_open,
          hellmonk_ecumenical_altar_crossroads, grunt_decor_mini_mirrors,
          minmay_pentomino_pile, uniq_ijyb, uniq_natasha, uniq_sigmund

Notes
Turn   | Place    | Note
-------+----------+-------------------------------------------
     0 | D:1      | ytrimaz the Octopode Transmuter began the quest for the
                  | Orb.
     0 | D:1      | Reached XP level 1. HP: 13/13 MP: 3/3
     0 | D:1      | magus.rc [v1.9.6]
   300 | D:1      | HP: 1/13 [hobgoblin (4)]
   302 | D:1      | Reached XP level 2. HP: 1/18 MP: 3/5
   305 | D:1      | Learned a level 2 spell: Wereblood
   594 | D:1      | Reached XP level 3. HP: 18/23 MP: 4/6
   796 | D:1      | Learned a level 3 spell: Spider Form
   858 | D:2      | You pick up a book of Winter and begin reading...
   858 | D:2      | You add the spells Ozocubu's Armour, Metabolic Englaciation
                  | and Simulacrum to your library.
  1436 | D:2      | Reached skill level 1 in Poison Magic
  1624 | D:3      | Reached XP level 4. HP: 17/28 MP: 8/8
  1684 | D:3      | Noticed Sigmund
  1689 | D:3      | HP: 1/28 [Sigmund/+0 scythe (10)]
  1690 | D:3      | Slain by an adder

Vanquished Creatures
  2 worms (D:2)
  A dart slug (D:1)
  3 orcs (D:3)
  2 bats (D:2)
  5 endoplasms
  3 giant cockroaches
  5 goblins
  3 hobgoblins (D:1)
  7 kobolds
  5 quokkas
  3 ball pythons (D:1)
  A rat (D:1)
40 creatures vanquished.

Table legend:
 A = Non-vault XP
 B = Vault XP
 C = Vault XP percentage of total XP
 D = Non-vault monster count
 E = Vault monster count
 F = Vault count percentage of total count
                 A         B        C        D         E       F
            +---------+---------+-------+---------+---------+-------
      Total |      77 |       7 |   8.3 |      38 |       2 |   5.0
            +---------+---------+-------+---------+---------+-------
        D:1 |      37 |       0 |   0.0 |      20 |       0 |   0.0
        D:2 |      29 |       7 |  19.4 |      14 |       2 |  12.5
        D:3 |      11 |       0 |   0.0 |       4 |       0 |   0.0
            +---------+---------+-------+---------+---------+-------

Skill      XL: |  1  2  3 |
---------------+----------+-----
Poison Magic   | 1 |  1.2
Fighting       | |  1.0
Dodging        | |  2.5
Unarmed Combat | |  3.0
Spellcasting   | |  2.7
Transmutations | |  2.9

Action                     |  1- 3 |  4- 6 || total
---------------------------+-------+-------++-------
  Melee: Unarmed           |   107 |     5 ||   112
         Constrict         |    29 |     1 ||    30
         Kick              |    10 |       ||    10
         Tentacles         |    17 |       ||    17
         Punch             |     2 |       ||     2
   Cast: Beastly Appendage |    10 |       ||    10
    Use: Scroll            |     2 |       ||     2
         Potion            |       |     1 ||     1
   Stab: Sleeping          |     4 |       ||     4
 Armour: Skin              |    12 |       ||    12
  Dodge: Dodged            |    57 |     6 ||    63

Illustrated notes

Table legend:
 A = Kills in this place as a percentage of kills in the entire game.
 B = Kills by you in this place as a percentage of kills by you in the entire game.
 C = Kills by friends in this place as a percentage of kills by friends in the entire game.
 D = Other kills in this place as a percentage of other kills in the entire game.
 E = Experience gained in this place as a percentage of experience gained in the entire game.
 F = Experience gained in this place divided by the number of levels of this place that you have seen.
                   A       B       C       D       E      F
               +-------+-------+-------+-------+-------+----------------------
         Total | 100.0 | 100.0 |   N/A |   N/A | 100.0 |  28.0
       Dungeon | 100.0 | 100.0 |   N/A |   N/A | 100.0 |  28.0
               +-------+-------+-------+-------+-------+----------------------

Table legend: (Time is in decaauts)
 A = Elapsed time spent in this place.
 B = Non-inter-level travel time spent in this place.
 C = Inter-level travel time spent in this place.
 D = Time resting spent in this place.
 E = Time spent auto-exploring this place.
 F = Levels seen in this place.
 G = Mean time per level.
                   A        B        C        D        E       F      G
               +--------+--------+--------+--------+--------+-----+--------+
         Total |   1683 |   1663 |     20 |     37 |   1288 |   3 |  561.0 |
       Dungeon |   1683 |   1663 |     20 |     37 |   1288 |   3 |  561.0 |
               +--------+--------+--------+--------+--------+-----+--------+

Top non-repeatable levels by time:
     D:1: 805 daAuts
     D:2: 792 daAuts
     D:3: 85 daAuts
